 Dungeon Crawl Stone Soup version 0.26.1-11-gd32895ea62 (webtiles) character file.

Game seed: 5651529054316890698

499 Zeld the Twirler (level 7, -2/45 HPs)
             Began as an Octopode Gladiator on May 18, 2021.
             Was an Initiate of Wu Jian.
             Killed by divine providence
             ... invoked by an orc priest
              (12 damage)
             ... on level 4 of the Dungeon.
             The game lasted 00:04:39 (5675 turns).

Zeld the Twirler (Octopode Gladiator)               Turns: 5675, Time: 00:04:40

Health: -2/45      AC:  1    Str: 14    XL:     7   Next: 16%
Magic:  7/7        EV: 14    Int: 10    God:    Wu Jian [......]
Gold:   129        SH:  0    Dex: 15    Spells: 6/6 levels left

rFire    . . .     SeeInvis .   a - +0 quarterstaff
rCold    . . .     Faith    .   (shield currently unavailable)
rNeg     . . .     Spirit   .   b - +0 hat
rPois    .         Reflect  .   (no amulet)
rElec    .         Harm     .   (no ring)
rCorr    .         Rampage  .   (no ring)
Will     .....                  (no ring)
Stlth    ++........             (no ring)
HPRegen  0.15/turn              (no ring)
MPRegen  0.10/turn              (no ring)
                                (no ring)
                                (no ring)

@: no status effects
A: almost no armour, stealthy swim, amphibious, 8 rings, constrict 8, camouflage
1, gelatinous body 1
a: Renounce Religion


You were on level 4 of the Dungeon.
You worshipped Wu Jian.
Wu Jian was noncommittal.
You visited 2 branches of the dungeon, and saw 5 of its levels.

You collected 129 gold pieces.

Inventory:

Hand Weapons
 a - a +0 quarterstaff (weapon)
Missiles
 c - 3 throwing nets
 g - 6 poisoned darts (quivered)
 w - 2 boomerangs
 y - 2 boomerangs of dispersal
 A - 8 silver boomerangs
Armour
 b - a +0 hat (worn)
Jewellery
 o - an uncursed ring of willpower {unknown}
 q - an uncursed ring of fire {unknown}
Wands
 e - a wand of flame (19)
 f - a wand of enslavement (8)
 j - a wand of polymorph (4)
 p - a wand of paralysis (8)
 v - a wand of iceblast (5)
Scrolls
 d - 2 scrolls of teleportation {unknown}
 h - 2 scrolls of amnesia {unknown}
 i - 4 scrolls of remove curse {unknown}
 l - 5 scrolls of identify {unknown}
 m - a scroll of immolation {unknown}
 r - a scroll of magic mapping {unknown}
 t - a scroll of enchant armour {unknown}
Potions
 k - a potion of attraction {unknown}
 n - a potion of heal wounds {unknown}
 s - a potion of cancellation {unknown}
 u - a potion of brilliance {unknown}
 x - a potion of degeneration {unknown}
 z - a potion of magic {unknown}


   Skills:
 - Level 2.0 Fighting
 * Level 6.0 Staves
 * Level 5.4 Throwing
 - Level 3.0 Dodging


You had 6 spell levels left.
You didn't know any spells.
Your spell library was empty.

Dungeon Overview and Level Annotations

Branches:
Dungeon (4/15)             Temple (1/1) D:4

Altars:
Ashenzari
Cheibriados
Elyvilon
Gozag
Hepliaklqana
Makhleb
Nemelex Xobeh
Okawaru
Qazlal
Ru
Sif Muna
Trog
Vehumet
Wu Jian
Zin
The Shining One


Innate Abilities, Weirdness & Mutations

You cannot wear most types of armour.
You are very stealthy in the water. (Stealth+)
You are amphibious.
You can wear up to eight rings at the same time.
You can use your tentacles to constrict eight enemies at once.
Your skin changes colour to match your surroundings (Stealth+).
Your rubbery body absorbs attacks. (AC +1, EV +1)


Message History

You constrict the orc wizard.
You kill the orc wizard!
The Council accepts your kill.
Your Staves skill increases to level 6!
The orc completely misses you.
The orc priest invokes the aid of Beogh against you.
Beogh smites you! The orc hits you with a +0 falchion.
Found 15 gold pieces and 18 stones.
You see here 15 gold pieces.
You see here 26 stones.
The orc priest miscasts a cantrip.
The orc misses you.
The orc priest calls down the wrath of Beogh upon you.
Beogh smites you!
* * * LOW HITPOINT WARNING * * *
The orc priest begins to cast a cantrip, but forgets the words!
There is a stone staircase leading up here.
The orc priest mumbles some strange prayers to Beogh against you.
Beogh smites you!
You die...

#######...# #.# #...# #.#
####...#####.# ###
#.......).##.###...#####
#.......)(.((##.###.#...
#............)........###
####...########.#.#.#....
#...#########...##.###
#...#@oo....o........#
##..#.########...#.#.#
##.................#.#
###......#########.### #
#...#........# #.#
#.#..>...##..# #..
#.##.#..###..## #.##
#.###.#....... ..# #
##.###.#####..# #. #


You could see an orc priest and 2 orcs.

Vanquished Creatures
  An ogre (D:4)
  A centaur skeleton (D:4)
  2 iguanas (D:4)
  Jessica (D:2)
  4 orc wizards (D:4)
  A worker ant (D:4)
  9 adders
  An ooze (D:2)
  3 worms (D:3)
  2 dart slugs (D:1)
  3 leopard geckos
  7 orcs
  A ball python (D:2)
  7 bats
  5 giant cockroaches
  5 goblins
  5 hobgoblins
  9 jackals
  A kobold (D:1)
  A quokka (D:3)
  4 frilled lizards
  A leopard gecko skeleton (D:4)
  2 quokka skeletons (D:4)
  9 rats
85 creatures vanquished.

Notes
Turn   | Place    | Note
-------+----------+-------------------------------------------
     0 | D:1      | Zeld the Octopode Gladiator began the quest for the Orb.
     0 | D:1      | Reached XP level 1. HP: 14/14 MP: 1/1
   205 | D:1      | Reached XP level 2. HP: 19/19 MP: 2/2
   935 | D:2      | Noticed Jessica
  1207 | D:2      | Killed Jessica
  1208 | D:2      | Reached XP level 3. HP: 18/24 MP: 3/3
  1439 | D:2      | Reached XP level 4. HP: 29/29 MP: 4/4
  1469 | D:2      | Reached skill level 4 in Staves
  1555 | D:2      | Found a burning altar of Makhleb.
  3087 | D:3      | Reached XP level 5. HP: 24/34 MP: 5/5
  3351 | D:3      | Found a snail-covered altar of Cheibriados.
  3604 | D:3      | Found a glowing silver altar of Zin.
  4190 | D:4      | Found a staircase to the Ecumenical Temple.
  4199 | Temple   | Entered the Ecumenical Temple
  4341 | Temple   | Became a worshipper of the Wu Jian Council
  4719 | D:4      | Reached skill level 5 in Staves
  4719 | D:4      | Reached XP level 6. HP: 34/39 MP: 6/6
  4822 | D:4      | Reached skill level 5 in Throwing
  4964 | D:4      | HP: 1/39 [something/puff of flame (5)]
  5296 | D:4      | Reached XP level 7. HP: 17/45 MP: 7/7
  5646 | D:4      | Reached skill level 6 in Staves
  5675 | D:4      | Killed from afar by an orc priest

Illustrated notes

Levels and vault maps discovered:
D:1:      lemuel_arrival_tunnels, layout_basic
D:2:      layout_loops_ring, lemuel_coloured_pillars_altar, uniq_jessica
D:3:      layout_basic, cheibriados_altar_1, marbit_many_paths,
          nicolae_underground_beach
D:4:      layout_loops_ring, kennysheep_mini, gammafunk_temple_overflow_wave,
          temple_doors_cd
Temple:   oiseaux_autumnal_temple

Skill      XL: |  1  2  3  4  5  6  7 |
---------------+----------------------+-----
Throwing       | 3 4 5 |  5.4
Staves         | 4 5 6 |  6.0
Fighting       | |  2.0
Dodging        | |  3.0

Action                   |  1- 3 |  4- 6 |  7- 9 || total
-------------------------+-------+-------+-------++-------
Melee: Quarterstaff      |    36 |   132 |    12 ||   180
       Tentacles         |     6 |    25 |     3 ||    34
       Constrict         |     5 |    37 |     3 ||    45
Invok: Lunge             |       |     2 |     2 ||     4
Evoke: Wand              |       |     2 |       ||     2
  Use: Potion            |       |     2 |       ||     2
 Stab: Sleeping          |     6 |    11 |       ||    17
       Paralysed         |       |     1 |       ||     1
       Distracted        |       |       |     1 ||     1
Armor: Skin              |       |     8 |       ||     8
Dodge: Dodged            |    22 |    72 |     7 ||   101
